 Dungeon Crawl Stone Soup version 0.28-a0-697-g47f3eba078 (webtiles) character file.

Game seed: 1972157126447701932

9 anonymouscript the Slasher (level 2, -6/23 HPs)
             Began as a Gnoll Wanderer on Oct 17, 2021.
             Mangled by an iguana (13 damage)
             ... on level 4 of the Dungeon on Oct 24, 2021.
             The game lasted 00:05:33 (184 turns).

anonymouscript the Slasher (Gnoll Wanderer)          Turns: 184, Time: 00:05:34

Health: -6/23      AC:  2    Str:  8    XL:     2   Next: 12%
Magic:  5/5        EV: 12    Int: 12    God:
Gold:   14         SH:  0    Dex: 13    Spells: 6/6 levels left

rFire   . . .      SeeInvis .   a - +2 falchion
rCold   . . .      Faith    .   (no shield)
rNeg    . . .      Spirit   .   c - +0 robe
rPois   .          Reflect  .   (no helmet)
rElec   .          Harm     .   (no cloak)
rCorr   .          Rampage  .   (no gloves)
Will    .....                   (no boots)
Stlth   +.........              (no amulet)
HPRegen 0.07/turn               (no ring)
MPRegen 0.09/turn               (no ring)

@: no status effects
A: fangs 1, strong nose, distributed training
a: no special abilities


You were on level 4 of the Dungeon.
You visited 1 branch of the dungeon, and saw 4 of its levels.

You collected 14 gold pieces.

Inventory:

Hand Weapons
 a - a +2 falchion (weapon)
 b - a +0 quarterstaff
Armour
 c - a +0 robe (worn)
Potions
 d - a potion of invisibility {unknown}


   Skills:
 + Level 2.4 Fighting
 + Level 0.3 Short Blades
 + Level 6.4 Long Blades
 + Level 0.3 Axes
 + Level 0.3 Maces & Flails
 + Level 0.3 Polearms
 + Level 0.3 Staves
 + Level 0.3 Slings
 + Level 0.3 Bows
 + Level 0.3 Crossbows
 + Level 2.4 Throwing
 + Level 0.3 Armour
 + Level 2.4 Dodging
 + Level 0.3 Stealth
 + Level 0.3 Shields
 + Level 0.3 Unarmed Combat
 + Level 2.7 Spellcasting
 + Level 3.7 Conjurations
 + Level 0.2 Hexes
 + Level 0.2 Summonings
 + Level 0.2 Necromancy
 + Level 0.2 Translocations
 + Level 0.2 Transmutations
 + Level 0.2 Fire Magic
 + Level 0.2 Ice Magic
 + Level 0.2 Air Magic
 + Level 0.2 Earth Magic
 + Level 0.2 Poison Magic
 + Level 0.4 Invocations
 + Level 2.4 Evocations


You had 6 spell levels left.
You didn't know any spells.
Your spell library was empty.

Dungeon Overview and Level Annotations

Branches:
Dungeon (4/15)             Temple (0/1) D:4

Altars:


Innate Abilities, Weirdness & Mutations

You have very sharp teeth.
Your uncanny sense of smell can sniff out nearby items.
Your experience applies equally to all skills.


Message History

You climb downwards.
There is a stone staircase leading up here.
Found 5 gold pieces.
You now have 14 gold pieces (gained 5).
An endoplasm comes into view.
Found a stone staircase leading down.
You hit the endoplasm.
The endoplasm is moderately wounded.
The endoplasm freezes you.
You are frozen.
You slash the endoplasm!
You kill the endoplasm!
You have reached level 2!
There is a stone staircase leading down here.
You climb downwards.
The iguana hisses angrily.
There is a stone staircase leading up here.
Found a staircase to the Ecumenical Temple.
A howler monkey skeleton comes into view.
Press: ? - help, v - describe, . - travel A rock wall.
Unknown command.
The kobold shouts!
The kobold hits you with a +0 short sword.
You closely miss the kobold. The kobold barely misses you.
You hit the kobold.
You kill the kobold!
You hit the howler monkey skeleton.
The howler monkey skeleton is moderately damaged.
The howler monkey skeleton barely misses you.
You slash the howler monkey skeleton!
The howler monkey skeleton is heavily damaged.
The howler monkey skeleton barely misses you.
The iguana bites you!
You see here a +0 short sword.
You enter the shallow water.
Moving in this stuff is going to be slow.
The iguana bites you!
Ouch! That really hurt!
You die...

....... # .....#...##
.# .....#.#..## ###.#
........#..#### ......
......≈≈≈.....# ......
...#.≈§§≈≈..#.###......
##..≈≈§§≈§≈.#..<.......
#...§§≈@Z§§............
..#.§≈§Bl≈≈............
#..≈§§≈≈.............
##..≈§≈)........##..#
#########.........##
#.......### #.......#
#.......# ##.....##


You could see an iguana, a giant cockroach and a howler monkey skeleton.

Vanquished Creatures
  An endoplasm (D:3)
  A hobgoblin (D:2)
  2 jackals (D:2)
  A kobold (D:4)
  A quokka (D:1)
  A frilled lizard (D:1)
7 creatures vanquished.

Notes
Turn   | Place    | Note
-------+----------+-------------------------------------------
     0 | D:1      | anonymouscript the Gnoll Wanderer began the quest for the
                  | Orb.
     0 | D:1      | anonymouscript set off with the following items: a +2
                  | falchion, a +0 quarterstaff, a +0 robe
     0 | D:1      | Reached XP level 1. HP: 17/17 MP: 4/4
    65 | D:1      | Upgraded the game from 0.28-a0-674-gdaf460b524 to
                  | 0.28-a0-697-g47f3eba078
   165 | D:3      | Reached XP level 2. HP: 17/23 MP: 5/5
   172 | D:4      | Found a staircase to the Ecumenical Temple.
   184 | D:4      | Mangled by an iguana

Illustrated notes

Levels and vault maps discovered:
D:1:      ldierk_water_garden, layout_basic, serial_shops, nicolae_diamond_shop,
          shapermc_ecumenical_altar_pompeii
D:2:      layout_loops_ring
D:3:      layout_rooms, serial_shops, shop, shop, nicolae_square_shop,
          shop_fountains, minmay_misc_feat_room, uniq_sigmund
D:4:      layout_rooms, kennysheep_little_box, minmay_temple_entry_mist

Action                   || total
-------------------------++-------
Melee: Falchion          ||    23
       Bite              ||     1
Armor: Robe              ||     3
Dodge: Dodged            ||    14

Table legend: (Time is in decaauts)
 A = Elapsed time spent in this place.
 B = Non-inter-level travel time spent in this place.
 C = Inter-level travel time spent in this place.
 D = Time resting spent in this place.
 E = Time spent auto-exploring this place.
 F = Levels seen in this place.
 G = Mean time per level.
                   A        B        C        D        E       F      G
               +--------+--------+--------+--------+--------+-----+--------+
         Total |    184 |    131 |     53 |      0 |      0 |   4 |   46.0 |
       Dungeon |    184 |    131 |     53 |      0 |      0 |   4 |   46.0 |
               +--------+--------+--------+--------+--------+-----+--------+

Top non-repeatable levels by time:
     D:1: 109 daAuts
     D:3: 33 daAuts
     D:2: 25 daAuts
     D:4: 15 daAuts
